 Dungeon Crawl Stone Soup version 0.20.1-1-g8b1a95d (webtiles) character file.

11 Iskender the Ducker (level 2, -6/14 HPs)
             Began as a Felid Chaos Knight on July 8, 2017.
             Killed from afar by a white imp (8 damage)
             ... with a puff of frost
             ... summoned by the capriciousness of Xom
             ... on level 1 of the Dungeon.
             The game lasted 00:02:52 (794 turns).

Iskender the Ducker (Felid Chaos Knight)             Turns: 794, Time: 00:02:53

Health: -6/14      AC:  1    Str:  8    XL:     2   Next: 13%
Magic:  3/3        EV: 18    Int: 13    God:    Xom [..*...]
Gold:   39         SH:  0    Dex: 15    Spells: 1/1 levels left
                                        Lives:  0   Deaths: 0

rFire    . . .     SeeInvis +     - Unarmed
rCold    . . .     Gourm    .   (shield unavailable)
rNeg     . . .     Faith    .   (armour unavailable)
rPois    .         Spirit   .   (helmet unavailable)
rElec    .         Reflect  .   (cloak unavailable)
rCorr    .         Harm     .   (gloves unavailable)
MR       .....                  (boots unavailable)
Stlth    +++.......             (no amulet)
Regen    0.1/turn               (no ring)
MPRegen  0.1/turn               (no ring)

@: quick
A: no armour, no weapons or thrown items, stealth, claws 1, fangs 3, see
invisible, carnivore 3, speed 1, shaggy fur 1, slow metabolism 1, sharp paws
a: Renounce Religion


You were on level 1 of the Dungeon.
You worshipped Xom.
You were a toy of Xom.
You were full.

You visited 1 branch of the dungeon, and saw 1 of its levels.

You collected 39 gold pieces.

Inventory:

Scrolls
 b - a scroll of recharging {unknown}
 c - a scroll of magic mapping {unknown}
Potions
 d - a potion of mutation {unknown}
Comestibles
 a - a meat ration


   Skills:
 - Level 3.0 Fighting
 - Level 3.2 Dodging
 + Level 2.7 Stealth
 - Level 3.0 Unarmed Combat


You had one spell level left.
You didn't know any spells.

Dungeon Overview and Level Annotations

Branches:
Dungeon (1/15)

Altars:


Innate Abilities, Weirdness & Mutations

You cannot wear armour.
You are incapable of wielding weapons or throwing items.
Your paws allow you to move quietly. (Stealth)
You have sharp claws.
You have razor-sharp teeth.
You have supernaturally acute eyesight. (SInv)
You are carnivorous and can eat meat at any time.
You cover ground quickly.
You are covered in fur. (AC +1)
You have a slow metabolism.
Your sharp claws are effective at attacking unaware monsters.


Message History

The puff of frost hits you!
Ouch! That really hurt!
* * * LOW HITPOINT WARNING * * *
A giant cockroach comes into view.
A kobold comes into view.
The kobold throws a stone.
The stone misses you.
The stone hits the white imp but does no damage.
The white imp gestures at you. The puff of frost misses you.
The giant cockroach waves its antennae.
The white imp gestures at you. The puff of frost hits you!
Ouch! That really hurt!
You die... "NOOOOOOO, not my toy!"
Xom revives you! The white imp gestures at you. The puff of frost hits you!
Ouch! That really hurt!
You die...

# #. ###################
#..#.@..≈.............
#.#....≈...5.sK.........
#.....≈.≈≈...(..........
#.#..#.#...#............ #.
#.#..#.#.#.#.########### #.
#.#..#.#≈#.#.. .
#.###.#..#.#.#≈#### #
#.....#..#............ .
#.........§..≈..............


You could see a white imp, a giant cockroach and a kobold.

Vanquished Creatures
  A dart slug (D:1)
  A giant cockroach (D:1)
  2 goblins (D:1)
  A hobgoblin (D:1)
  A bat (D:1)
  3 rats (D:1)
  A plant (D:1)
10 creatures vanquished.

Notes
Turn   | Place    | Note
-------+----------+-------------------------------------------
     0 | D:1      | Iskender the Felid Chaos Knight began the quest for the Orb.
     0 | D:1      | Reached XP level 1. HP: 10/10 MP: 2/2
    46 | D:1      | XOM: harmless Conj miscast
   164 | D:1      | XOM: cloud trail
   193 | D:1      | Reached skill level 1 in Stealth
   541 | D:1      | XOM: potion effect (haste)
   543 | D:1      | Reached XP level 2. HP: 13/14 MP: 3/3
   544 | D:1      | XOM: mild Summ miscast
   774 | D:1      | XOM: mild Summ miscast
   775 | D:1      | XOM: mild Air miscast
   790 | D:1      | Xom revived you
   794 | D:1      | Killed from afar by a white imp

Skill      XL: |  1 |
---------------+----+-----
Stealth        | 2 |  2.7
Fighting       | |  3.0
Dodging        | |  3.2
Unarmed Combat | |  3.0

Action                   || total
-------------------------++-------
Melee: Unarmed           ||    79
       Bite              ||    11
       Punch             ||     1
 Stab: Sleeping          ||     3
  Eat: Chunk             ||     3
Armor: Skin              ||     3
Dodge: Dodged            ||     6
